Map: [ESL] Gresvan

Players

Classic

  • Race: Protoss Protoss

HeroMarine - Winner!

  • Race: Terran Terran

Event: IEM Katowice 2023

VOD

Have the link to the VOD?

Description

Time

  • Played on: Feb. 9, 2023, 1:14 p.m.
  • Length: 9:46

All games in this series

Show
View Real Time Build Order
Export as new Build Order

Classic Protoss 

Build Orders: 1 Gate Expand, Oracle Opening 

Get SALT Encoding   

  12  0:00  Probe  
  13  0:12  Probe  
  14  0:17  Pylon  
  14  0:24  Probe (Chrono Boost)  
  15  0:36  Probe (Chrono Boost)  
  15  0:37  Gateway  
  16  0:44  Probe (Chrono Boost)  
  16  0:46  Assimilator  
  17  0:51  Probe  
  18  1:03  Probe  
  19  1:15  Probe  
  20  1:23  Cybernetics Core  
  20  1:32  Nexus  
  20  1:39  Pylon  
  20  1:43  Probe  
  21  1:50  Assimilator  
  21  1:55  Probe  
  21  1:57  Adept (Chrono Boost)  
  24  2:07  Probe  
  25  2:17  Adept (Chrono Boost)  
  25  2:19  Probe  
  28  2:25  Stargate  
  28  2:31  Probe  
  28  2:32  Warp Gate  
  29  2:41  Stalker  
  32  2:45  Probe (Chrono Boost)  
  32  2:49  Probe (Chrono Boost)  
  33  2:55  Probe (Chrono Boost)  
  33  2:58  Probe (Chrono Boost)  
  35  3:00  Probe (Chrono Boost)  
  36  3:07  Oracle (Chrono Boost)  
  36  3:08  Probe  
  36  3:12  Shield Battery, Probe  
  39  3:19  Stalker  
  41  3:21  Pylon, Probe  
  41  3:24  Probe  
  43  3:29  Assimilator  
  43  3:37  Probe x2  
  45  3:45  Robotics Facility  
  45  3:54  Stalker  
  47  3:59  Probe x2  
  43  4:11  Probe x2  
  43  4:12  Phoenix (Chrono Boost)  
  46  4:17  Pylon  
  46  4:23  Probe x2  
  48  4:34  Phoenix (Chrono Boost)  
  48  4:35  Probe  
  48  4:36  Probe  
  48  4:37  Observer  
  53  4:40  Assimilator  
  53  4:44  Pylon  
  53  4:47  Stalker  
  53  4:48  Probe x2  
  53  4:51  Gateway, Phoenix  
  59  4:59  Observer  
  60  5:00  Probe x2  
  62  5:13  Probe x2  
  57  5:18  Phoenix  
  57  5:20  Stalker  
  61  5:25  Pylon, Probe x2  
  63  5:37  Probe x2  
  58  5:47  Stalker  
  58  5:49  Probe x2  
  62  5:52  Immortal (Chrono Boost)  
  66  6:01  Robotics Bay  
  66  6:04  Probe  
  67  6:05  Probe  
  68  6:14  Sentry  
  68  6:16  Pylon, Probe  
  68  6:17  Probe  
  72  6:21  Pylon  
  72  6:28  Probe  
  72  6:29  Probe  
  72  6:30  Observer  
  75  6:37  Nexus  
  75  6:40  Pylon  
  75  6:45  Probe x2  
  77  6:48  Sentry  
  77  6:52  Colossus (Chrono Boost)  
  79  7:00  Shield Battery  
  85  7:03  Extended Thermal Lance  
  85  7:07  Probe x2  
  87  7:20  Probe x2  
  89  7:24  Shield Battery  
  89  7:26  Twilight Council  
  89  7:29  Forge  
  89  7:31  Colossus (Chrono Boost)  
  89  7:32  Probe  
  96  7:41  Probe  
  96  7:42  Probe  
  98  7:46  Gateway x2, Probe  
  98  7:49  Probe  
  98  7:50  Probe  
  99  7:54  Probe  
  99  7:57  Probe  
  102  7:58  Probe  
  104  8:08  Observer  
  102  8:13  Colossus  
  102  8:16  Gateway x2  
  102  8:18  Phoenix  
  110  8:24  Stalker x2  
  114  8:27  Assimilator  
  114  8:30  Pylon  
  114  8:32  Pylon  
  114  8:48  Zealot x4  
  116  8:54  Gateway  
  116  8:55  Gateway  
  115  8:56  Phoenix  
  115  8:57  Shield Battery  
  115  8:59  Pylon  
  115  9:01  Pylon  
  117  9:12  Shield Battery  
  117  9:15  Zealot  
  117  9:16  Zealot x5  
  97  9:36  Stalker x4  
  81  9:39  Zealot x2  
Show
View Real Time Build Order
Export as new Build Order

HeroMarine Terran - Winner!

Build Orders:  

Get SALT Encoding   

  12  0:00  SCV  
  13  0:12  SCV  
  14  0:17  Supply Depot  
  14  0:24  SCV  
  15  0:38  SCV  
  15  0:40  Barracks  
  16  0:43  Refinery  
  16  0:50  SCV  
  17  1:02  SCV  
  18  1:15  SCV  
  19  1:27  Orbital Command, Barracks Reactor  
  19  1:46  Command Center  
  19  1:51  Supply Depot  
  19  1:52  SCV  
  20  2:03  Marine x2  
  20  2:05  SCV  
  23  2:09  Factory  
  23  2:17  SCV  
  23  2:21  Marine x2  
  26  2:26  Refinery  
  26  2:29  SCV  
  27  2:38  Marine  
  27  2:39  Marine  
  27  2:41  SCV  
  30  2:53  SCV  
  30  2:56  Starport  
  30  3:05  SCV  
  31  3:06  Orbital Command, Hellion x2  
  35  3:17  SCV  
  35  3:19  Supply Depot  
  36  3:28  Widow Mine x2  
  36  3:29  SCV  
  36  3:31  SCV  
  36  3:32  Medivac  
  42  3:41  SCV  
  42  3:43  SCV  
  43  3:49  Widow Mine  
  43  3:50  Supply Depot  
  43  3:52  Barracks Tech Lab  
  43  3:53  SCV  
  45  3:56  SCV  
  42  4:06  SCV  
  42  4:08  Widow Mine, SCV, Armory  
  46  4:10  Medivac, Widow Mine  
  46  4:13  Marine  
  47  4:18  SCV  
  47  4:22  SCV  
  47  4:29  Widow Mine  
  47  4:30  SCV  
  47  4:31  Marine  
  50  4:33  Widow Mine  
  50  4:34  SCV  
  53  4:42  SCV  
  53  4:45  Viking  
  56  4:47  SCV  
  57  4:54  SCV  
  57  4:59  SCV  
  59  5:00  Siege Tank  
  59  5:06  Barracks  
  62  5:09  Marine x2  
  62  5:10  SCV  
  62  5:11  SCV  
  60  5:17  Starport Tech Lab  
  60  5:22  SCV  
  60  5:23  SCV  
  60  5:24  Supply Depot  
  62  5:32  Supply Depot  
  62  5:33  Marine, Barracks  
  62  5:34  Marine  
  62  5:36  SCV  
  62  5:37  SCV  
  62  5:40  Siege Tank  
  61  5:48  SCV  
  61  5:49  SCV  
  59  5:51  Marine x2  
  59  5:52  Engineering Bay  
  59  5:57  Supply Depot  
  59  5:58  Refinery x2  
  59  6:00  SCV  
  59  6:02  Stimpack, SCV  
  59  6:03  Marine  
  60  6:08  Marine  
  60  6:09  Marine  
  62  6:12  SCV  
  62  6:14  SCV  
  62  6:15  Starport Reactor  
  62  6:18  Terran Infantry Weapons Level 1  
  64  6:21  Marine, Factory Tech Lab, Missile Turret  
  64  6:24  SCV  
  66  6:26  SCV, Missile Turret  
  66  6:27  Marine x3  
  66  6:32  Combat Shield  
  70  6:36  SCV  
  70  6:38  Marine, SCV  
  73  6:40  Siege Tank  
  73  6:43  Supply Depot  
  76  6:47  Marauder  
  76  6:51  Marine  
  76  6:53  Marine  
  81  6:57  Marauder, Supply Depot  
  81  7:00  Viking  
  85  7:03  Viking  
  85  7:09  SCV x2  
  85  7:14  Marauder  
  87  7:16  Siege Tank  
  87  7:18  Marauder  
  87  7:19  Marine  
  93  7:30  Viking  
  93  7:31  Supply Depot  
  93  7:33  Viking  
  97  7:38  Marauder  
  97  7:40  Marauder  
  101  7:44  Marine, Supply Depot  
  102  7:52  Marine  
  102  7:53  Siege Tank  
  102  7:54  Concussive Shells, Supply Depot  
  106  7:59  Marauder  
  106  8:01  SCV, Marauder  
  106  8:02  SCV  
  110  8:09  Viking  
  110  8:15  Marine  
  110  8:17  Marine  
  112  8:21  Marauder  
  112  8:22  Marauder  
  112  8:23  Viking  
  117  8:35  Supply Depot  
  116  8:42  Marauder  
  116  8:44  Marauder  
  118  8:52  Viking  
  118  8:55  Siege Tank  
  123  9:00  Viking  
  125  9:03  Marauder  
  125  9:05  Marauder  
  125  9:06  Supply Depot  
  129  9:10  Marine x2  
  131  9:25  Marauder  
  131  9:26  SCV x2  
  131  9:28  Marine  

Tags
 
Add a new tag
Caveats
  • Supply blocks, unpowered buildings, or Contaminate may cause inaccurate times.
  • Supply counts are checked every 10 seconds.